| TOP OF THE 1ST |
|
Punta Cana Cocos batting - Pitching for Durango Desert Dogs : RHP Douglas Mathey
|
|
Pitching: RHP Douglas Mathey
|
|
|
Batting: LHB Mike Cole
|
0-0: Called Strike 0-1: Ball 1-1: Ball 2-1: Called Strike 2-2: Ball 3-2: Fly out, F7 (Flyball, 7LM, EV 81.3 MPH)
|
|
Batting: RHB Julio Acevedo
|
0-0: Ball 1-0: Called Strike 1-1: Fly out, F9 (Flyball, 89D, EV 91.9 MPH)
|
|
Batting: RHB Jesse Vann
|
0-0: Called Strike 0-1: Called Strike 0-2: Ball 1-2: Strikes out swinging
|
| Top of the 1st over - 0 runs, 0 hits, 0 errors, 0 left on base; Punta Cana 0 - Durango 0 |
| BOTTOM OF THE 1ST |
|
Durango Desert Dogs batting - Pitching for Punta Cana Cocos : RHP David Froelich
|
|
Pitching: RHP David Froelich
|
|
|
Batting: LHB Chris Stropolo
|
0-0: Ball 1-0: Ball 2-0: Swinging Strike 2-1: Ball 3-1: Foul Ball, location: 2F 3-2: Base on Balls
|
|
Batting: RHB Dave C Anderson
|
0-0: Called Strike Chris Stropolo steals 2nd base (no throw) 0-1: Foul Ball, location: 2F 0-2: Ball 1-2: Ball 2-2: Foul Ball, location: 2F 2-2: Strikes out looking
|
|
Batting: SHB Tony Phillips
|
0-0: Ball 1-0: Ball 2-0: Ball 3-0: Foul Ball, location: 2F 3-1: Base on Balls
|
|
Batting: LHB Greg Brock
|
0-0: SINGLE (Groundball, 6MD, EV 103.1 MPH) Chris Stropolo to third Tony Phillips to second Runner from 3rd tries for Home, SAFE, throw by CF to home
|
|
Batting: SHB Mike D Young
|
0-0: Ball 1-0: Called Strike Greg Brock is caught stealing 2nd base 2-6 Tony Phillips steals 3rd base 1-1: Foul Ball, location: 2F 1-2: Foul Ball, location: 2F 1-2: Ground out 6-3 (Groundball, 6, EV 86.9 MPH)
|
| Bottom of the 1st over - 1 run, 1 hit, 0 errors, 1 left on base; Punta Cana 0 - Durango 1 |
| TOP OF THE 2ND |
|
Punta Cana Cocos batting - Pitching for Durango Desert Dogs : RHP Douglas Mathey
|
|
Batting: RHB Tony Brewer
|
0-0: SINGLE (Groundball, 5S, EV 75.0 MPH) (infield hit)
|
|
Batting: RHB Darrell Miller
|
0-0: Called Strike 0-1: SINGLE (Groundball, 23, EV 73.1 MPH) (infield hit) Tony Brewer to second
|
|
Batting: RHB Tom Roarke
|
0-0: Ground out U3 (Groundball, 3S, EV 70.6 MPH) Tony Brewer to third Darrell Miller to second
|
|
Batting: RHB Leo George
|
0-0: Ball 1-0: Ball 2-0: Called Strike 2-1: Called Strike 2-2: Ball 3-2: Strikes out swinging
|
|
Batting: RHB William Parmenter
|
0-0: Ball 1-0: SINGLE (Line Drive, 6D, EV 93.8 MPH) Tony Brewer scores Darrell Miller to third Runner from 3rd tries for Home, throw by CF and OUT! 8-2
|
| Top of the 2nd over - 1 run, 3 hits, 0 errors, 1 left on base; Punta Cana 1 - Durango 1 |
| BOTTOM OF THE 2ND |
|
Durango Desert Dogs batting - Pitching for Punta Cana Cocos : RHP David Froelich
|
|
Batting: LHB Randy S Johnson
|
0-0: Ball 1-0: Called Strike 1-1: Swinging Strike 1-2: Strikes out swinging
|
|
Batting: RHB Rusty Tillman
|
0-0: Called Strike 0-1: Swinging Strike 0-2: Strikes out swinging
|
|
Batting: LHB Dan Graham
|
0-0: Bunt missed! 0-1: Ball 1-1: Ball 2-1: Ball 3-1: Called Strike 3-2: Base on Balls
|
|
Batting: SHB Dale Sveum
|
0-0: Foul Ball, location: 2F 0-1: DOUBLE (Line Drive, 78D, EV 104.4 MPH) Dan Graham to third Runner from 3rd tries for Home, SAFE, throw by LF to trailing runner, SAFE at third!
|
|
Batting: LHB Chris Stropolo
|
0-0: Ground out 5-3 (Groundball, 5S, EV 86.9 MPH)
|
| Bottom of the 2nd over - 1 run, 1 hit, 0 errors, 1 left on base; Punta Cana 1 - Durango 2 |
| TOP OF THE 3RD |
|
Punta Cana Cocos batting - Pitching for Durango Desert Dogs : RHP Douglas Mathey
|
|
Batting: RHB Cliff Wherry
|
0-0: Swinging Strike 0-1: Ball 1-1: Ball 2-1: SINGLE (Groundball, 56D, EV 105.0 MPH)
|
|
Batting: LHB Mike Cole
|
0-0: Grounds into double play, 6-4-3 (Groundball, 56, EV 99.4 MPH)
|
|
Batting: RHB Julio Acevedo
|
0-0: Called Strike 0-1: Swinging Strike 0-2: Ball 1-2: Ball 2-2: Strikes out swinging
|
| Top of the 3rd over - 0 runs, 1 hit, 0 errors, 0 left on base; Punta Cana 1 - Durango 2 |
| BOTTOM OF THE 3RD |
|
Durango Desert Dogs batting - Pitching for Punta Cana Cocos : RHP David Froelich
|
|
Batting: RHB Dave C Anderson
|
0-0: Foul Ball, location: 2F 0-1: Called Strike 0-2: Ball 1-2: Foul Ball, location: 2F 1-2: Foul Ball, location: 2F 1-2: Ball 2-2: Ball 3-2: Foul Ball, location: 2F 3-2: Base on Balls
|
|
Batting: SHB Tony Phillips
|
0-0: Called Strike 0-1: Ball 1-1: Ball 2-1: Ball 3-1: Swinging Strike 3-2: DOUBLE (Line Drive, 8RD, EV 95.0 MPH) Dave C Anderson to third
|
|
Batting: LHB Greg Brock
|
0-0: Ball 1-0: Called Strike 1-1: Swinging Strike 1-2: Ball 2-2: Ball 3-2: SINGLE (Line Drive, 89S, EV 103.8 MPH) Dave C Anderson scores Tony Phillips to third Runner from 3rd tries for Home, throw by RF and OUT! 9-2
|
|
Batting: SHB Mike D Young
|
0-0: Called Strike 0-1: Swinging Strike 0-2: Ball 1-2: Foul Ball, location: 2F 1-2: Ball 2-2: Foul Ball, location: 2F 2-2: Foul Ball, location: 2F 2-2: Strikes out looking
|
|
Batting: LHB Randy S Johnson
|
0-0: Ball 1-0: Ball 2-0: Foul Ball, location: 2F 2-1: Foul Ball, location: 2F 2-2: Fly out, F5 (Popup, 5SF, EV 68.1 MPH)
|
| Bottom of the 3rd over - 1 run, 2 hits, 0 errors, 1 left on base; Punta Cana 1 - Durango 3 |
| TOP OF THE 4TH |
|
Punta Cana Cocos batting - Pitching for Durango Desert Dogs : RHP Douglas Mathey
|
|
Batting: RHB Jesse Vann
|
0-0: Called Strike 0-1: Ball 1-1: Ground out 6-3 (Groundball, 6, EV 103.8 MPH)
|
|
Batting: RHB Tony Brewer
|
0-0: Called Strike 0-1: Foul Ball, location: 2F 0-2: SINGLE (Line Drive, 6D, EV 96.3 MPH)
|
|
Batting: RHB Darrell Miller
|
0-0: Foul Ball, location: 2F 0-1: Ball Tony Brewer is caught stealing 2nd base 2-4 1-1: Foul Ball, location: 2F 1-2: Ball 2-2: Ball 3-2: Fly out, F7 (Flyball, 78D, EV 91.3 MPH)
|
| Top of the 4th over - 0 runs, 1 hit, 0 errors, 0 left on base; Punta Cana 1 - Durango 3 |
| BOTTOM OF THE 4TH |
|
Durango Desert Dogs batting - Pitching for Punta Cana Cocos : RHP David Froelich
|
|
Batting: RHB Rusty Tillman
|
0-0: Ground out U3 (Groundball, 3L, EV 105.6 MPH)
|
|
Batting: LHB Dan Graham
|
0-0: Ball 1-0: Swinging Strike 1-1: Foul Ball, location: 2F 1-2: Fly out, F9 (Line Drive, 9, EV 91.3 MPH)
|
|
Batting: SHB Dale Sveum
|
0-0: DOUBLE (Line Drive, 7LM, EV 110.0 MPH)
|
|
Batting: LHB Chris Stropolo
|
0-0: Called Strike 0-1: Foul Ball, location: 2F 0-2: Reached on error, E5 (Groundball, 56, EV 108.1 MPH) Dale Sveum to third
|
|
Batting: RHB Dave C Anderson
|
0-0: Ball 1-0: Ball 2-0: DOUBLE (Line Drive, 3D, EV 96.9 MPH) Dale Sveum scores Chris Stropolo to third Runner from 3rd tries for Home, SAFE, throw by RF to trailing runner, SAFE at third!
|
|
Batting: SHB Tony Phillips
|
0-0: Foul Ball, location: 2F 0-1: Foul Ball, location: 2F 0-2: Ball 1-2: Foul Ball, location: 2F 1-2: Foul Ball, location: 2F 1-2: Ball 2-2: Ball 3-2: Ground out 1-3 (Groundball, 15S, EV 70.6 MPH)
|
| Bottom of the 4th over - 2 runs, 2 hits, 1 error, 1 left on base; Punta Cana 1 - Durango 5 |
| TOP OF THE 5TH |
|
Punta Cana Cocos batting - Pitching for Durango Desert Dogs : RHP Douglas Mathey
|
|
Batting: RHB Tom Roarke
|
0-0: Ball 1-0: Foul Ball, location: 2F 1-1: Foul Ball, location: 2F 1-2: Strikes out swinging
|
|
Batting: RHB Leo George
|
0-0: Ball 1-0: Fly out, F3 (Popup, 3, EV 78.8 MPH)
|
|
Batting: RHB William Parmenter
|
0-0: Ball 1-0: Ball 2-0: Called Strike 2-1: Swinging Strike 2-2: Foul Ball, location: 2F 2-2: Ball 3-2: Base on Balls
|
|
Batting: RHB Cliff Wherry
|
0-0: Ball 1-0: Ball 2-0: Called Strike 2-1: Foul Ball, location: 2F 2-2: Strikes out swinging
|
| Top of the 5th over - 0 runs, 0 hits, 0 errors, 1 left on base; Punta Cana 1 - Durango 5 |
| BOTTOM OF THE 5TH |
|
Durango Desert Dogs batting - Pitching for Punta Cana Cocos : RHP David Froelich
|
|
Batting: LHB Greg Brock
|
0-0: Ball 1-0: Ball 2-0: Called Strike 2-1: Swinging Strike 2-2: Ball 3-2: Base on Balls
|
|
Batting: SHB Mike D Young
|
0-0: Ball 1-0: SINGLE (Groundball, 56, EV 105.6 MPH) (infield hit) Greg Brock to second
|
|
Pitching: RHP Ed Nunez
|
|
|
Batting: LHB Randy S Johnson
|
0-0: Ball 1-0: Called Strike 1-1: Foul Ball, location: 2F 1-2: Foul Ball, location: 2F 1-2: Ball 2-2: Strikes out swinging
|
|
Batting: RHB Rusty Tillman
|
0-0: Ball 1-0: Foul Ball, location: 2F 1-1: Ball 2-1: Foul Ball, location: 2F 2-2: Ball Wild Pitch! Greg Brock to third Mike D Young to second 3-2: Fly out, F9 (Flyball, 9D, EV 98.1 MPH) Runner from 3rd tags up, SCORES, throw by RF Mike D Young to third
|
|
Batting: LHB Dan Graham
|
0-0: Called Strike 0-1: Ground out 4-3 (Groundball, 4, EV 88.1 MPH)
|
| Bottom of the 5th over - 1 run, 1 hit, 0 errors, 1 left on base; Punta Cana 1 - Durango 6 |
| TOP OF THE 6TH |
|
Punta Cana Cocos batting - Pitching for Durango Desert Dogs : RHP Douglas Mathey
|
|
Batting: LHB Mike Cole
|
0-0: Ball 1-0: Fly out, F8 (Flyball, 78D, EV 90.0 MPH)
|
|
Batting: RHB Julio Acevedo
|
0-0: Ball 1-0: Ground out 2-3 (Groundball, 15S, EV 71.9 MPH)
|
|
Batting: RHB Jesse Vann
|
0-0: Ball 1-0: Called Strike 1-1: Ball 2-1: Foul Ball, location: 2F 2-2: Strikes out swinging
|
| Top of the 6th over - 0 runs, 0 hits, 0 errors, 0 left on base; Punta Cana 1 - Durango 6 |
| BOTTOM OF THE 6TH |
|
Durango Desert Dogs batting - Pitching for Punta Cana Cocos : RHP Ed Nunez
|
|
Batting: SHB Dale Sveum
|
0-0: Called Strike 0-1: DOUBLE (Line Drive, 7LS, EV 94.4 MPH)
|
|
Batting: LHB Chris Stropolo
|
0-0: Called Strike 0-1: Ball 1-1: Ball 2-1: Foul Ball, location: 2F 2-2: Strikes out swinging
|
|
Batting: RHB Dave C Anderson
|
0-0: Swinging Strike 0-1: Ball 1-1: Ball 2-1: Ball 3-1: Base on Balls
|
|
Batting: SHB Tony Phillips
|
0-0: Ball 1-0: Swinging Strike 1-1: Called Strike 1-2: Foul Ball, location: 2F 1-2: Ball 2-2: Foul Ball, location: 2F 2-2: TRIPLE (Flyball, 89XD, EV 106.3 MPH) Dale Sveum scores Dave C Anderson scores
|
|
Batting: LHB Greg Brock
|
0-0: Foul Ball, location: 2F 0-1: Fly out, F7 (Flyball, 7, EV 93.8 MPH) Runner from 3rd tags up, OUT at HOME! 7-2
|
| Bottom of the 6th over - 2 runs, 2 hits, 0 errors, 0 left on base; Punta Cana 1 - Durango 8 |
| TOP OF THE 7TH |
|
Punta Cana Cocos batting - Pitching for Durango Desert Dogs : RHP Douglas Mathey
|
|
Pinch Hitting: RHB Gary Kaczor
|
0-0: Called Strike 0-1: Ball 1-1: Foul Ball, location: 2F 1-2: Ball 2-2: Strikes out looking
|
|
Pinch Hitting: RHB Antonio Pilla
|
0-0: Ball 1-0: Foul Ball, location: 2F 1-1: Swinging Strike 1-2: Strikes out swinging
|
|
Batting: RHB Tom Roarke
|
0-0: Ball 1-0: Ball 2-0: SINGLE (Groundball, 56D, EV 101.3 MPH)
|
|
Pinch Hitting: LHB Matthew Vejar
|
0-0: Ball 1-0: Fly out, F9 (Flyball, 9LM, EV 80.0 MPH)
|
| Top of the 7th over - 0 runs, 1 hit, 0 errors, 1 left on base; Punta Cana 1 - Durango 8 |
| BOTTOM OF THE 7TH |
|
Durango Desert Dogs batting - Pitching for Punta Cana Cocos : RHP Ed Nunez
|
|
Now at 3B: Antonio Pilla
|
|
|
Now in CF: Gary Kaczor
|
|
|
Now in RF: Matthew Vejar
|
|
|
Pinch Hitting: RHB Greg Tabor
|
0-0: DOUBLE (Line Drive, 78M, EV 103.1 MPH)
|
|
Batting: LHB Randy S Johnson
|
0-0: Called Strike 0-1: Called Strike 0-2: Ball 1-2: Ball 2-2: Ball 3-2: Strikes out swinging
|
|
Batting: RHB Rusty Tillman
|
0-0: Called Strike 0-1: Ball 1-1: Ball 2-1: Called Strike 2-2: SINGLE (Line Drive, 6MD, EV 98.1 MPH) Greg Tabor to third Runner from 3rd tries for Home, SAFE, throw by CF to home
|
|
Batting: LHB Dan Graham
|
0-0: Called Strike 0-1: Fly out, F7 (Flyball, 7, EV 96.3 MPH)
|
|
Batting: SHB Dale Sveum
|
0-0: Ball 1-0: Called Strike 1-1: Ball 2-1: Foul Ball, location: 2F Balk! Rusty Tillman to second 2-2: Foul Ball, location: 2F 2-2: Ground out 6-3 (Groundball, 6, EV 80.0 MPH)
|
| Bottom of the 7th over - 1 run, 2 hits, 0 errors, 1 left on base; Punta Cana 1 - Durango 9 |
| TOP OF THE 8TH |
|
Punta Cana Cocos batting - Pitching for Durango Desert Dogs : RHP Douglas Mathey
|
|
Now in RF: Greg Tabor
|
|
|
Pinch Hitting: RHB James Fabiano
|
0-0: Ball 1-0: Ball 2-0: Ball 3-0: Base on Balls
|
|
Pinch Hitting: RHB Scot Pyle
|
0-0: SINGLE (Groundball, 6D, EV 101.9 MPH) James Fabiano to second
|
|
Batting: LHB Mike Cole
|
0-0: Foul Ball, location: 2F 0-1: Ball 1-1: Ball 2-1: Foul Ball, location: 2F 2-2: Foul Ball, location: 2F 2-2: Ball 3-2: Foul Ball, location: 2F 3-2: Fielders Choice at 2nd, 1-4 (Groundball, 15S, EV 63.8 MPH) James Fabiano to third
|
|
Batting: RHB Julio Acevedo
|
0-0: Fly out, F7 (Line Drive, 7, EV 91.3 MPH) Runner from 3rd tags up, SCORES, throw by LF
|
|
Pinch Hitting: RHB Joe Hicks
|
0-0: Called Strike Pickoff Throw to First - Out! 1-3
|
| Top of the 8th over - 1 run, 1 hit, 0 errors, 0 left on base; Punta Cana 2 - Durango 9 |
| BOTTOM OF THE 8TH |
|
Durango Desert Dogs batting - Pitching for Punta Cana Cocos : RHP Ed Nunez
|
|
Pitching: RHP Alejandro Pena
|
|
|
Now at 1B: Joe Hicks
|
|
|
Now at 2B: James Fabiano
|
|
|
Now at 3B: Scot Pyle
|
|
|
Batting: LHB Chris Stropolo
|
0-0: Ball 1-0: Ground out 3-1 (Groundball, 34S, EV 78.8 MPH)
|
|
Batting: RHB Dave C Anderson
|
0-0: Ball 1-0: SINGLE (Groundball, 23, EV 69.4 MPH) (infield hit)
|
|
Batting: SHB Tony Phillips
|
0-0: SINGLE (Line Drive, 34D, EV 95.6 MPH) Dave C Anderson to second
|
|
Batting: LHB Greg Brock
|
0-0: Ball 1-0: Called Strike 1-1: Ball 2-1: Ball 3-1: Base on Balls Dave C Anderson to third Tony Phillips to second
|
|
Batting: RHB Greg Tabor
|
0-0: Called Strike 0-1: Ball 1-1: Called Strike 1-2: Strikes out swinging
|
|
Batting: LHB Randy S Johnson
|
0-0: Called Strike 0-1: Ball 1-1: Foul Ball, location: 2F 1-2: Strikes out swinging
|
| Bottom of the 8th over - 0 runs, 2 hits, 0 errors, 3 left on base; Punta Cana 2 - Durango 9 |
| TOP OF THE 9TH |
|
Punta Cana Cocos batting - Pitching for Durango Desert Dogs : RHP Douglas Mathey
|
|
Batting: RHB Joe Hicks
|
0-0: Called Strike 0-1: Foul Ball, location: 2F 0-2: Ball 1-2: Strikes out swinging
|
|
Batting: RHB Gary Kaczor
|
0-0: Ball 1-0: Foul Ball, location: 2F 1-1: Fly out, F8 (Flyball, 78XD, EV 88.8 MPH)
|
|
Batting: RHB Antonio Pilla
|
0-0: Swinging Strike 0-1: Called Strike 0-2: Strikes out swinging
|
| Top of the 9th over - 0 runs, 0 hits, 0 errors, 0 left on base; Punta Cana 2 - Durango 9 |
|